 Dungeon Crawl Stone Soup version 0.27-a0-457-gba82baf56e (webtiles) character file.

Game seed: 15887729425058020816

46518 Chiseanne the Destroyer (level 14, 85/85 HPs)
             Began as a Demonspawn Wanderer on Feb 28, 2021.
             Was a High Priest of Vehumet.
             Quit the game on level 6 of the Lair of Beasts.
             The game lasted 01:11:57 (15939 turns).

Chiseanne the Destroyer (Demonspawn Wanderer)      Turns: 15939, Time: 01:11:58

Health: 85/85      AC: 11    Str: 10    XL:     14   Next: 5%
Magic:  35/39      EV: 19    Int: 23    God:    Vehumet [*****.]
Gold:   430        SH:  0    Dex: 13    Spells: 3/38 levels left

rFire    + + .     SeeInvis .   a - +4 rapier (venom)
rCold    + . .     Faith    +   (no shield)
rNeg     . . .     Spirit   +   H - +2 leather armour {rPois}
rPois    +         Reflect  .   (helmet restricted)
rElec    .         Harm     .   (no cloak)
rCorr    .         Rampage  +   K - +2 pair of gloves of Lust {Rampage rF++ Str-2 Int+4}
Will     +....                  (no boots)
Stlth    +.........             B - amulet of faith
HPRegen  0.24/turn              z - ring of magical power
MPRegen  0.52/turn              I - ring "Syrphun" {rC+ EV+4}

@: no status effects
A: antennae 1, thin metallic scales 2, magic shield, magic regeneration, demonic
magic 2
a: Renounce Religion


You were on level 6 of the Lair of Beasts.
You worshipped Vehumet.
Vehumet was extremely pleased with you.
You visited 4 branches of the dungeon, and saw 19 of its levels.

You collected 1123 gold pieces.
You spent 693 gold pieces at shops.

Inventory:

Hand Weapons
 a - a +4 rapier of venom (weapon)
 s - a +2 club
 J - the +1 broad axe of the Maze {protect, rC- Str+7 Int+3}
   (You bought it in a shop on level 2 of the Orcish Mines)

   It grants its wielder temporary protection when it strikes (+7 to AC).
   It affects your strength (+7).
   It affects your intelligence (+3).
   It makes you vulnerable to cold.
Missiles
 c - 7 javelins
 g - 306 arrows
 h - 53 bolts
 p - 39 poisoned darts
 q - 27 boomerangs
 t - 123 sling bullets
 y - a throwing net
 D - 3 silver boomerangs
 E - 7 curare-tipped darts
 G - 8 boomerangs of dispersal
Armour
 o - +1 acid dragon scales
 F - a +0 buckler
 H - a +2 leather armour of poison resistance (worn)
 K - the +2 pair of gloves of Lust (worn) {Rampage rF++ Str-2 Int+4}
   (You bought it in a shop on level 2 of the Orcish Mines)

   It affects your strength (-2).
   It affects your intelligence (+4).
   It greatly protects you from fire.
   It bestows one free step when moving towards enemies.
Magical Staves
 n - a staff of cold
Jewellery
 d - an amulet of regeneration
 z - a ring of magical power (left hand)
 B - an amulet of faith (around neck)
 I - the ring "Syrphun" (right hand) {rC+ EV+4}
   (You bought it in a shop on level 2 of the Orcish Mines)

   [ring of evasion]

   It affects your evasion (+4).
   It protects you from cold.
 M - the ring of Morality {*Drain rElec rPois rN+ MP-9}
   (You found it on level 4 of the Lair of Beasts)

   [ring of positive energy]

   It insulates you from electricity.
   It protects you from poison.
   It protects you from negative energy.
   It affects your magic capacity (-9).
   It causes draining when unequipped.
Wands
 e - a wand of paralysis (21)
 w - a wand of acid (4) (quivered)
 L - a wand of charming (3)
Scrolls
 b - 2 scrolls of fog
 v - 3 scrolls of teleportation
 x - 4 scrolls of immolation
 N - a scroll of magic mapping
Potions
 j - 2 potions of invisibility
 k - 3 potions of ambrosia
 l - 3 potions of flight
 m - a potion of heal wounds
 r - 2 potions of might
 u - a potion of brilliance
 A - a potion of magic
 C - a potion of berserk rage
 O - a potion of haste
 P - 2 potions of cancellation {unknown}
 R - 2 potions of curing
Miscellaneous
 Q - a condenser vane
 S - a phial of floods
 T - a phantom mirror


   Skills:
 - Level 1.0 Throwing
 - Level 5.0 Armour
 - Level 7.3 Dodging
 * Level 12.8 Spellcasting
 - Level 13.4 Conjurations
 - Level 1.0 Summonings
 - Level 2.1 Necromancy
 - Level 1.0 Translocations
 - Level 5.0 Fire Magic
 - Level 5.9 Air Magic
 - Level 1.0 Earth Magic
 - Level 8.0 Poison Magic
 - Level 1.0 Evocations


You had 3 spell levels left.
You knew the following spells:

 Your Spells              Type           Power        Failure   Level
a - Magic Dart            Conj           100%         0%          1
b - Searing Ray           Conj           100%         1%          2
c - Sticky Flame          Conj/Fire      55%          1%          4
d - Mephitic Cloud        Conj/Pois/Air  54%          1%          3
e - Fireball              Conj/Fire      27%          1%          5
f - Olgreb's Toxic Radia  Pois           51%          1%          4
g - Ignite Poison         Fire/Tmut/Pois 34%          1%          3
h - Apportation           Tloc           38%          3%          1
i - Iskenderun's Battles  Conj           67%          1%          5
j - Lightning Bolt        Conj/Air       28%          1%          5
k - Passwall              Tmut/Erth      14%          7%          2

Your spell library contained the following spells:

 Spells                   Type           Power        Failure   Level
 Orb of Destruction       Conj           33%          5%          7
 Foxfire                  Conj/Fire      100%         1%          1
 Sting                    Tmut/Pois      100%         1%          1
 Poisonous Vapours        Pois/Air       92%          1%          2
 Swiftness                Air            42%          1%          2
 Conjure Flame            Conj/Fire      55%          1%          3
 Dazzling Flash           Conj/Hex       90%          1%          3
 Inner Flame              Hex/Fire       26%          1%          3
 Animate Skeleton         Necr           48%          2%          1
 Summon Small Mammal      Summ           76%          3%          1
 Corona                   Hex            15%          5%          1
 Ensorcelled Hibernation  Hex/Ice        28%          9%          2
 Gell's Gravitas          Tloc           9%           11%         3
 Confusing Touch          Hex            14%          17%         3
 Tukima's Dance           Hex            14%          17%         3
 Freezing Cloud           Conj/Ice/Air   22%          16%         6
 Lee's Rapid Deconstruct  Erth           9%           26%         5
 Passage of Golubria      Tloc           N/A          36%         4
 Yara's Violent Unravell  Hex/Tmut       7%           36%         5
 Petrify                  Tmut/Erth      17%          41%         4
 Metabolic Englaciation   Hex/Ice        7%           83%         5
 Invisibility             Hex            14%          100%        6


Dungeon Overview and Level Annotations

Branches:
Dungeon (10/15)            Temple (1/1) D:4            Lair (6/6) D:9
  Swamp (0/4) Lair:3       Spider (0/4) Lair:2        Slime (0/5) Lair:6
    Orc (2/2) D:9             Elf (0/3) Orc:2

Altars:
Ashenzari
Cheibriados
Elyvilon
Gozag
Hepliaklqana
Kikubaaqudgha
Nemelex Xobeh
Okawaru
Ru
Trog
Vehumet
Xom
Yredelemnul
Zin
The Shining One
Beogh

Shops:
Orc:2 **[(

Annotations:
D:2 Terence
D:3 2 transporters, abdbla's ghost, amateur SpEn
D:8 1 runed translucent door
Lair:2 exclusion: upstairs, Rupert
Lair:3 Gastronok
Lair:6 exclusion: upstairs


Innate Abilities, Weirdness & Mutations

You have a pair of small antennae on your head.
You are mostly covered in thin metallic scales. (AC +3)
When hurt, damage is shared between your health and your magic reserves.
You regenerate magic rapidly.
Spells you cast may paralyse nearby enemies.


Message History

Casting: Ignite Poison (safe; 1% risk of failure)
Confirm with . or Enter, or press ? or * to list all spells.
You conjure a globe of magical energy.
Malevolent energies surge around you.
Casting: Iskenderun's Battlesphere (mildly dangerous; 1% risk of failure)
Confirm with . or Enter, or press ? or * to list all spells.
Aiming: Magic Dart (safe; 0% risk of failure)
Press: ? - help, Shift-Dir - straight line, f - water moccasin
Aim: a water moccasin (0% to evade)
The magic dart hits the water moccasin.
The water moccasin is lightly wounded.
Malevolent energies surge around you.
Your battlesphere fires!
The barrage of energy hits the water moccasin!!
The water moccasin is almost dead.
Casting: Magic Dart (safe; 0% risk of failure)
Confirm with . or Enter, or press ? or * to list all spells.
Aiming: Searing Ray (safe; 1% risk of failure)
Press: ? - help, Shift-Dir - straight line, f/p - water moccasin
Aim: a water moccasin (almost dead, ally target, 28% to evade)
Okay, then.
Casting: Searing Ray (safe; 1% risk of failure)
Confirm with . or Enter, or press ? or * to list all spells.
Aiming: Magic Dart (safe; 0% risk of failure)
Press: ? - help, Shift-Dir - straight line, f/p - water moccasin
Aim: a water moccasin (almost dead, ally target, 0% to evade)
The magic dart hits the water moccasin but does no damage.
The water moccasin is almost dead.
Malevolent energies surge around you.
Your battlesphere fires!
The barrage of energy hits the water moccasin!
You kill the water moccasin!
Vehumet accepts your kill.
You feel your power returning.
(D) Dungeon (T) Temple (L) Lair (S) Swamp (N) Spider Nest (M) Slime Pits (O) Orcish Mines (E) Elven Halls
Where to? (Enter - Lair:5, ? - help)
Okay, then.
Search for what [Enter for "rpois", or ? for help]? see
Okay, then.
Are you sure you want to abandon this character and quit the game? (Confirm with "yes".)

.....#.###......# ######...
###.....+..÷#.....###... #...
#.....#.......+...#.# .. #...
.##.....#....##.....# .. ###...
..#P..####..#.#....## ##. #.....
..#....####.###.....# #.. ###....
......P..#..........###..##......
...................#..##+.#......
.......<.......*@................
.......................÷.........
.................................
.................................
.................................
.................................
................................P
.................................
.................................


You could see a friendly battlesphere.

Vanquished Creatures
  An orc warlord (Orc:2)
  Snorg (Lair:6)
  Harold (D:8)
  5 hydras
  A catoblepas (Lair:6)
  A merfolk avatar (Lair:6)
  A two-headed ogre (D:10)
  An orc high priest (Orc:2)
  Sonja (Lair:3)
  An orc knight (Orc:2)
  A lindwurm (Lair:3)
  3 orc sorcerers
  7 black mambas
  19 elephants
  8 cane toads
  A gargoyle (D:10)
  A torpor snail (Lair:6)
  12 rime drakes
  10 komodo dragons
  3 wind drakes (Lair:6)
  A jumping spider (Lair:2)
  2 polar bears (Lair:6)
  A troll (D:9)
  A hornet (Lair:6)
  14 blink frogs
  4 dream sheep (Lair:6)
  6 redbacks (Lair:2)
  7 wyverns
  13 yaks
  A basilisk (Lair:5)
  Edmund (D:4)
  2 wargs (Orc:2)
  17 water moccasins
  20 orc warriors
  An ice beast (D:8)
  2 black bears
  5 ogres
  3 necrophages
  5 wolves (Lair:3)
  6 centaurs
  A phantom (D:7)
  Blork the orc (D:6)
  A kobold brigand (D:8)
  11 bullfrogs
  A wyvern skeleton (D:5)
  6 wights
  A howler monkey (D:6)
  A centaur zombie (D:9)
  A quasit (D:7)
  5 hounds
  6 jellies
  A bullfrog skeleton (D:6)
  25 orc priests
  A centaur skeleton (D:9)
  3 iguanas
  27 orc wizards
  5 worker ants
  A hound zombie (D:5)
  2 human simulacra (D:9)
  A hound skeleton (D:7)
  A howler monkey skeleton (D:8)
  A howler monkey zombie (D:7)
  6 adders
  6 gnolls
  A shadow imp (D:8)
  A white imp (D:6)
  2 ufetubi
  2 oozes
  2 adder zombies
  An adder skeleton (D:8)
  A worm (D:4)
  A dart slug (D:1)
  2 leopard geckos
  85 orcs
  2 ball pythons
  9 giant cockroaches
  5 goblins
  2 hobgoblins
  10 jackals
  12 kobolds
  4 quokkas
  2 bats
  3 frilled lizards
  A giant cockroach zombie (D:1)
  A leopard gecko skeleton (D:6)
  3 rats
458 creatures vanquished.

Vanquished Creatures (collateral kills)
  A gnoll (D:6)
1 creature vanquished.

Vanquished Creatures (others)
  A black bear (D:9)
  An orc wizard (D:9)
  A bush (D:9)
  22 fungi
  33 plants
58 creatures vanquished.

Grand Total: 517 creatures vanquished

Notes
Turn   | Place    | Note
-------+----------+-------------------------------------------
     0 | D:1      | Chiseanne the Demonspawn Wanderer began the quest for the
                  | Orb.
     0 | D:1      | Chiseanne set off with the following items: a +0 club, a
                  | potion of curing, a +0 robe, a wand of paralysis (15); and
                  | the following spell memorised: Magic Dart; and the
                  | following spells available to memorise: Mephitic Cloud
     0 | D:1      | Reached XP level 1. HP: 13/13 MP: 4/4
   249 | D:1      | Reached skill level 1 in Conjurations
   261 | D:1      | Gained mutation: You are partially covered in thin metallic
                  | scales. (AC +2) [demonic ancestry]
   261 | D:1      | Reached XP level 2. HP: 16/19 MP: 1/6
   919 | D:1      | Gained mutation: Spells you cast may paralyse adjacent
                  | enemies. [demonic ancestry]
   919 | D:1      | Reached XP level 3. HP: 24/24 MP: 5/8
  1493 | D:2      | Noticed Terence
  1752 | D:2      | Found a shimmering altar of Xom.
  1752 | D:2      | Found a glowing golden altar of the Shining One.
  1752 | D:2      | Found an opulent altar of Gozag.
  1752 | D:2      | Found an ancient bone altar of Kikubaaqudgha.
  1755 | D:2      | Reached skill level 2 in Conjurations
  2244 | D:2      | Learned a level 3 spell: Mephitic Cloud
  2288 | D:3      | Found a transporter.
  2290 | D:3      | Noticed abdbla's ghost (amateur SpEn)
  2591 | D:3      | Reached XP level 4. HP: 23/30 MP: 5/9
  3051 | D:3      | Found a transporter.
  3160 | D:4      | Reached skill level 1 in Air Magic
  3489 | D:4      | Noticed an ogre
  3508 | D:4      | Killed an ogre
  3509 | D:4      | Reached skill level 3 in Conjurations
  3509 | D:4      | Reached XP level 5. HP: 10/35 MP: 3/11
  3946 | D:4      | Noticed an ogre
  3964 | D:4      | Killed an ogre
  3965 | D:4      | Gained mutation: You regenerate magic rapidly. [demonic
                  | ancestry]
  3965 | D:4      | Reached XP level 6. HP: 41/41 MP: 8/12
  4029 | D:4      | Reached skill level 4 in Conjurations
  4335 | D:4      | Reached skill level 5 in Spellcasting
  4372 | D:4      | Found a staircase to the Ecumenical Temple.
  4382 | Temple   | Entered the Ecumenical Temple
  4391 | Temple   | Became a worshipper of Vehumet
  4624 | D:4      | Noticed Edmund
  4637 | D:4      | Killed Edmund
  4638 | D:4      | Gained mutation: When hurt, damage is shared between your
                  | health and your magic reserves. [demonic ancestry]
  4638 | D:4      | Reached XP level 7. HP: 46/46 MP: 7/14
  4706 | D:4      | Found a sacrificial altar of Ru.
  4744 | D:5      | Entered Level 5 of the Dungeon
  4942 | D:5      | Found a sparkling altar of Nemelex Xobeh.
  5168 | D:5      | Reached skill level 5 in Conjurations
  5751 | D:5      | Reached XP level 8. HP: 40/52 MP: 6/16
  5903 | D:5      | Found a white marble altar of Elyvilon.
  6341 | D:6      | Reached * piety under Vehumet
  6341 | D:6      | Offered knowledge of Sandblast by Vehumet.
  6342 | D:6      | Reached skill level 1 in Armour
  6411 | D:6      | Found a bloodstained altar of Trog.
  6708 | D:6      | Noticed Blork the orc
  6717 | D:6      | Killed Blork the orc
  6718 | D:6      | Reached skill level 6 in Conjurations
  6738 | D:6      | Reached skill level 5 in Air Magic
  7259 | D:7      | Found a white marble altar of Elyvilon.
  7263 | D:7      | Offered knowledge of Searing Ray by Vehumet.
  7282 | D:7      | Learned a level 2 spell: Searing Ray
  7287 | D:7      | Learned a level 4 spell: Sticky Flame
  7293 | D:7      | Learned a level 5 spell: Fireball
  7350 | D:7      | Reached ** piety under Vehumet
  7416 | D:7      | Gained mutation: You are mostly covered in thin metallic
                  | scales. (AC +3) [demonic ancestry]
  7416 | D:7      | Reached XP level 9. HP: 57/57 MP: 16/19
  7609 | D:7      | Reached skill level 1 in Fire Magic
  8003 | D:8      | Offered knowledge of Frozen Ramparts by Vehumet.
  8092 | D:8      | Found an iron altar of Okawaru.
  8151 | D:8      | Reached skill level 7 in Conjurations
  8204 | D:8      | Reached *** piety under Vehumet
  8237 | D:8      | Found a sparkling altar of Nemelex Xobeh.
  8328 | D:8      | Found a glowing silver altar of Zin.
  8417 | D:8      | Noticed a sixfirhy
  8418 | D:8      | Found a runed translucent door.
  8458 | D:8      | Noticed Harold
  8484 | D:8      | Killed Harold
  8742 | D:9      | Found a staircase to the Lair.
  8752 | D:9      | Noticed a troll
  8754 | D:9      | Offered knowledge of Fulminant Prism by Vehumet.
  8810 | D:9      | Reached XP level 10. HP: 39/63 MP: 19/21
  9063 | D:9      | Reached **** piety under Vehumet
  9168 | D:9      | Found a staircase to the Orcish Mines.
  9194 | D:9      | Offered knowledge of Irradiate by Vehumet.
  9199 | D:9      | Reached skill level 5 in Armour
  9216 | D:9      | Reached skill level 8 in Conjurations
  9404 | D:9      | Found a basalt altar of Yredelemnul.
  9634 | D:9      | Paralysed by an orc warrior for 3 turns
  9692 | D:9      | Found a hazy altar of Hepliaklqana.
  9985 | D:10     | Entered Level 10 of the Dungeon
  9993 | D:10     | Noticed a two-headed ogre
 10000 | D:10     | Noticed a gargoyle
 10003 | D:10     | Killed a two-headed ogre
 10004 | D:10     | Reached skill level 1 in Poison Magic
 10012 | D:10     | Killed a gargoyle
 10082 | Orc:1    | Entered Level 1 of the Orcish Mines
 10092 | D:9      | Learned a level 4 spell: Olgreb's Toxic Radiance
 10096 | D:9      | Learned a level 3 spell: Ignite Poison
 10098 | D:9      | Learned a level 1 spell: Apportation
 10101 | Orc:1    | Noticed an orc sorcerer
 10106 | Orc:1    | Killed an orc sorcerer
 10245 | Orc:2    | Entered Level 2 of the Orcish Mines
 10257 | Orc:2    | Found a roughly hewn altar of Beogh.
 10262 | Orc:2    | Reached skill level 5 in Fire Magic
 10445 | Orc:2    | Found a roughly hewn altar of Beogh.
 10448 | Orc:2    | Reached ***** piety under Vehumet
 10451 | Orc:2    | Offered knowledge of Eringya's Noxious Bog by Vehumet.
 10472 | Orc:2    | Noticed an orc high priest
 10492 | Orc:2    | Killed an orc high priest
 10493 | Orc:2    | Reached skill level 9 in Conjurations
 10537 | Orc:2    | Found Bippael's Assorted Antiques.
 10542 | Orc:2    | Bought a scroll labelled APPYZXE VOIZY for 30 gold pieces
 10542 | Orc:2    | Bought a coiled lead ring for 150 gold pieces
 10542 | Orc:2    | Identified the ring "Syrphun" {rC+ EV+4} (You bought it in
                  | a shop on level 2 of the Orcish Mines)
 10542 | Orc:2    | Bought an iridescent broad axe for 270 gold pieces
 10542 | Orc:2    | Identified the +1 broad axe of the Maze {protect, rC- Str+7
                  | Int+3} (You bought it in a shop on level 2 of the Orcish
                  | Mines)
 10581 | Orc:2    | Noticed an orc sorcerer
 10584 | Orc:2    | Killed an orc sorcerer
 10585 | Orc:2    | Reached XP level 11. HP: 65/68 MP: 20/23
 10653 | Orc:2    | Found a staircase to the Elven Halls.
 10924 | Orc:2    | Noticed an orc knight
 10984 | Orc:2    | Killed an orc knight
 11079 | Orc:2    | Noticed an orc sorcerer
 11080 | Orc:2    | Noticed a sun demon
 11165 | Orc:2    | Killed an orc sorcerer
 11166 | Orc:2    | Reached skill level 5 in Poison Magic
 11224 | Orc:2    | Noticed an orc warlord
 11246 | Orc:2    | Killed an orc warlord
 11247 | Orc:2    | Reached skill level 10 in Conjurations
 11469 | Orc:2    | Found Zah Xol's Antique Armour Emporium.
 11470 | Orc:2    | Found a roughly hewn altar of Beogh.
 11471 | Orc:2    | Found Qeurgh's Antique Weapon Shoppe.
 11479 | Orc:2    | Bought a pair of crude gloves for 199 gold pieces
 11479 | Orc:2    | Identified the +2 pair of gloves of Lust {Rampage rF++
                  | Str-2 Int+4} (You bought it in a shop on level 2 of the
                  | Orcish Mines)
 11812 | Orc:2    | Found a roughly hewn altar of Beogh.
 11818 | Orc:2    | Found Hiempic's Assorted Antiques.
 11935 | Orc:2    | Bought a scroll labelled ARGHETHR QUDOTE for 22 gold pieces
 11935 | Orc:2    | Bought a scroll labelled RYCLEN BIUFAVU for 22 gold pieces
 11965 | Orc:2    | Chiseanne: hi
 12026 | Lair:1   | Entered Level 1 of the Lair of Beasts
 12032 | Lair:1   | Offered knowledge of Iskenderun's Battlesphere by Vehumet.
 12035 | Lair:1   | Reached skill level 10 in Spellcasting
 12128 | Lair:2   | Narval: Hey
 12193 | Lair:2   | Noticed a five-headed hydra
 12199 | Lair:2   | Killed a five-headed hydra
 12390 | Lair:2   | Noticed an eight-headed hydra
 12402 | Lair:2   | Killed an eight-headed hydra
 12403 | Lair:2   | Reached XP level 12. HP: 48/74 MP: 19/26
 12529 | Lair:2   | Found a hole to the Spider Nest.
 12652 | Lair:2   | Reached skill level 11 in Conjurations
 12963 | Lair:3   | Learned a level 5 spell: Iskenderun's Battlesphere
 13171 | Lair:3   | Reached skill level 1 in Dodging
 13172 | Lair:3   | Noticed Sonja
 13188 | Lair:3   | Killed Sonja
 13190 | Lair:3   | Found a staircase to the Swamp.
 13193 | Lair:3   | Chiseanne: ah there we go!
 13345 | Lair:3   | Noticed Gastronok
 13348 | Lair:3   | Noticed Rupert
 13352 | Lair:3   | Chiseanne: what just happened? where does he come from ?
 13357 | Lair:2   | Paralysed by Rupert for 6 turns
 13627 | Lair:4   | Narval: I'm not even sure what's going on without that guy
                  | :)
 13627 | Lair:4   | Chiseanne: what do you mean? what he does or what ?
 13872 | Lair:4   | Reached skill level 12 in Conjurations
 13997 | Lair:4   | Gained mutation: You have a pair of small antennae on your
                  | head. [demonic ancestry]
 13997 | Lair:4   | Reached XP level 13. HP: 75/79 MP: 16/28
 13997 | Lair:4   | Chiseanne: fucking hate that antennaes
 13997 | Lair:4   | Chiseanne: useöess
 13997 | Lair:4   | Chiseanne: useless
 14065 | Lair:4   | Narval: What you are doing :p spells and such. Sort of
                  | poison fighter build?
 14069 | Lair:4   | Identified the ring of Morality {*Drain rElec rPois rN+
                  | MP-9}
 14074 | Lair:4   | Chiseanne: magic user
 14074 | Lair:4   | Narval: Show skills pls
 14074 | Lair:4   | Chiseanne: pure caster in the end
 14074 | Lair:4   | Narval: no fighting but 79 hp Oo
 14074 | Lair:4   | Chiseanne: yeah I started out as a wanderer with no spells
 14074 | Lair:4   | Chiseanne: this is what I got so far and had to fight my
                  | way up
 14082 | Lair:4   | Narval: oh
 14175 | Lair:4   | Offered knowledge of Lightning Bolt by Vehumet.
 14424 | Lair:4   | Learned a level 5 spell: Lightning Bolt
 14480 | Lair:5   | Learned a level 2 spell: Passwall
 14603 | Lair:6   | Entered Level 6 of the Lair of Beasts
 14609 | Lair:6   | Noticed Snorg
 14620 | Lair:6   | Killed Snorg
 14621 | Lair:6   | Reached skill level 5 in Dodging
 14627 | Lair:6   | Chiseanne: and just in case you are wondering what is
                  | happening here : I macroes the poison aura and ignite
 14796 | Lair:6   | Found a staircase to the Slime Pits.
 14993 | Lair:6   | Reached skill level 13 in Conjurations
 15002 | Lair:6   | Offered knowledge of Orb of Destruction by Vehumet.
 15772 | Lair:6   | Gained mutation: Spells you cast may paralyse nearby
                  | enemies. [demonic ancestry]
 15772 | Lair:6   | Reached XP level 14. HP: 85/85 MP: 18/30
 15788 | Lair:6   | Narval: nice
 15939 | Lair:6   | Chiseanne: done with this game..killing this guy..NEXT
                  | ..antennaes killed it for me
 15939 | Lair:6   | Quit the game

Illustrated notes

Levels and vault maps discovered:
D:1:      saegor_arrival_fortress, layout_rooms, kennysheep_boxes
D:2:      layout_basic, chequers_temple_overflow_statue_of_worship,
          uniq_terence, uniq_crazy_yiuf_cottage
D:3:      layout_basic, gammafunk_ghost_arena
D:4:      layout_loops_ring, nicolae_ru_the_path_less_chosen,
          minmay_temple_entry_antechambers, uniq_edmund
D:5:      wad_lake_hut, layout_basic, basic_altar, nemelex_dance_club_becter
D:6:      layout_loops_ring, bloody_trog, uniq_blork_the_orc
D:7:      layout_basic, elyvilon_altar_3, minmay_tree_intersection
D:8:      cheibrodos_shockbox, layout_loops_cross, general_overflow_altar,
          old_standard_altar, nemelex_xobeh_ov_fountains_minmay, uniq_harold
D:9:      layout_small_grid, kennysheep_little_box,
          lemuel_coloured_pillars_altar, lair_entry_dummy, hiddenorc1_lemuel,
          kb_lookout_dungeons_type, bh_circular_ruins
D:10:     layout_basic
Temple:   chequers_temple_sunken
Lair:1:   layout_gridlike
Lair:2:   layout_regular_city, nicolae_spider_entry_tight_spaces, serial_forest,
          infiniplex_forest_lined_2, infiniplex_forest_straight_2,
          infiniplex_forest_lined_4_way, infiniplex_forest_clump_medium,
          infiniplex_forest_clump_curved
Lair:3:   layout_hall_layers, swamp_mist, fungi_pond_lemuel, grunt_megastairs_4,
          uniq_gastronok, uniq_rupert, uniq_sonja
Lair:4:   nzn_winding_woodlands_medium [nzn_winding_woodlands_5x5_default,
          nzn_winding_woodlands_5x15_concentric,
          nzn_winding_woodlands_5x5_checkerboard,
          nzn_winding_woodlands_hourglass,
          nzn_winding_woodlands_center_triple_pond,
          nzn_winding_woodlands_5x5_closed_star,
          nzn_winding_woodlands_5x5_open_star,
          nzn_winding_woodlands_5x15_longhouse,
          nzn_winding_woodlands_5x5_perimeter], layout_cave_pods
Lair:5:   layout_gridlike, portal_ice_cave_entry_animals_and_master,
          infiniplex_staircase_pool_2
Lair:6:   gammafunk_lair_ancient_temple, layout_regular_city,
          nicolae_slime_entry_slimehenge, guppyfry_lair_drakes, uniq_snorg
Orc:1:    layout_diamond_mine, basic_altar
Orc:2:    grunt_orc_community_town_hall, layout_diamond_mine,
          grunt_orc_community_big_house_1, grunt_orc_community_big_house_2,
          grunt_orc_community_house_1, grunt_orc_community_house_1,
          grunt_orc_community_house_2, grunt_orc_community_house_3,
          grunt_orc_community_house_3

Skill      XL: |  1  2  3  4  5  6  7  8  9 10 11 12 13 |
---------------+----------------------------------------+-----
Conjurations   | 1 2 3 4 5 6 7 9 10 12 13 | 13.4
Spellcasting   | 4 5 6 7 8 10 11 12 | 12.8
Air Magic      | 1 2 3 4 5 |  5.9
Armour         | 3 4 5 |  5.0
Fire Magic     | 3 5 |  5.0
Poison Magic   | 4 7 8 |  8.0
Dodging        | 4 7 |  7.3
Throwing       | |  1.0
Summonings     | |  1.0
Necromancy     | |  2.1
Translocations | |  1.0
Earth Magic    | |  1.0
Evocations     | |  1.0

Action                   |  1- 3 |  4- 6 |  7- 9 | 10-12 | 13-15 || total
-------------------------+-------+-------+-------+-------+-------++-------
Melee: Club              |    23 |       |       |       |       ||    23
       Short sword       |     7 |       |       |       |       ||     7
       Unarmed           |     4 |       |       |       |       ||     4
       Rapier            |     2 |    47 |   129 |    99 |    21 ||   298
 Cast: Magic Dart        |   103 |    57 |   234 |   122 |    30 ||   546
       Mephitic Cloud    |       |     5 |    29 |    38 |    16 ||    88
       Searing Ray       |       |       |    12 |    56 |    48 ||   116
       Olgreb's Toxic Ra |       |       |       |    58 |    40 ||    98
       Ignite Poison     |       |       |       |    43 |    29 ||    72
       Fireball          |       |       |       |     3 |       ||     3
       Apportation       |       |       |       |     4 |     9 ||    13
       Iskenderun's Batt |       |       |       |     2 |    12 ||    14
Evoke: Wand              |       |     7 |     3 |     9 |     3 ||    22
  Use: Scroll            |     4 |     4 |     9 |    10 |     3 ||    30
       Potion            |       |       |     1 |     5 |     3 ||     9
 Stab: Paralysed         |     4 |    16 |    41 |    27 |     7 ||    95
       Sleeping          |       |     1 |       |       |       ||     1
       Confused          |       |     1 |     6 |     1 |       ||     8
Armor: Robe              |    11 |    17 |     6 |       |       ||    34
       Acid dragon scale |       |       |    54 |   101 |    30 ||   185
Dodge: Dodged            |    30 |    33 |    59 |   154 |    59 ||   335

Table legend: (Time is in decaauts)
 A = Elapsed time spent in this place.
 B = Non-inter-level travel time spent in this place.
 C = Inter-level travel time spent in this place.
 D = Time resting spent in this place.
 E = Time spent auto-exploring this place.
 F = Levels seen in this place.
 G = Mean time per level.
                   A        B        C        D        E       F      G
               +--------+--------+--------+--------+--------+-----+--------+
         Total |  16077 |  15605 |    472 |   5554 |   5884 |  19 |  846.2 |
       Dungeon |  10182 |   9893 |    289 |   2837 |   5206 |  10 | 1018.2 |
        Temple |     17 |     17 |      0 |      0 |      5 |   1 |   17.0 |
          Lair |   3955 |   3816 |    139 |   2003 |      0 |   6 |  659.2 |
  Orcish Mines |   1921 |   1878 |     43 |    714 |    673 |   2 |  960.5 |
               +--------+--------+--------+--------+--------+-----+--------+

Top non-repeatable levels by time:
   Orc:2: 1764 daAuts
     D:4: 1587 daAuts
     D:5: 1386 daAuts
     D:1: 1345 daAuts
     D:9: 1139 daAuts
  Lair:6: 1025 daAuts
     D:8: 1022 daAuts
     D:6: 988 daAuts
  Lair:2: 969 daAuts
     D:3: 905 daAuts
     D:2: 901 daAuts
  Lair:4: 852 daAuts
     D:7: 843 daAuts
  Lair:5: 459 daAuts
  Lair:3: 394 daAuts
